 Dungeon Crawl Stone Soup version 0.28-a0-1524-ge72afd5fc6 (webtiles) character file.

Game seed: 1015961967761857439

4799 bastard the Nimble (level 10, -18/51 HPs)
             Began as a Spriggan Hunter on Jan 17, 2022.
             Was a Priest of Okawaru.
             Demolished by a two-headed ogre (20 damage)
             ... on level 9 of the Dungeon.
             The game lasted 00:14:59 (8986 turns).

bastard the Nimble (Spriggan Hunter)                Turns: 8986, Time: 00:14:59

Health: -18/51     AC:  6    Str: 14    XL:     10   Next: 24%
Magic:  11/11      EV: 32    Int: 14    God:    Okawaru [***...]
Gold:   1246       SH:  5    Dex: 19    Spells: 9/9 levels left

rFire   . . .      SeeInvis +   a - +3 hunting sling (flame)
rCold   . . .      Faith    .   (no shield)
rNeg    . . .      Spirit   .   B - +0 steam dragon scales
rPois   .          Reflect  +   (helmet restricted)
rElec   .          Harm     .   F - +0 cloak
rCorr   .          Rampage  .   (gloves unavailable)
Will    +....                   (boots unavailable)
Stlth   ++........              i - amulet of reflection
HPRegen 0.17/turn               x - +6 ring of strength
MPRegen 0.12/turn               t - +4 ring of evasion

@: very quick
A: very small, no large weapons, unfitting armour, see invisible, speed 3
a: Renounce Religion, Heroism


You were on level 9 of the Dungeon.
You worshipped Okawaru.
Okawaru was most pleased with you.
You visited 1 branch of the dungeon, and saw 9 of its levels.

You collected 1407 gold pieces.
You spent 161 gold pieces at shops.

Inventory:

Hand Weapons
 a - a +3 hunting sling of flaming (weapon)
 b - a +2 rapier of venom
Missiles
 d - 23 sling bullets (quivered ammo)
 e - 155 stones
Armour
 g - an orb of guile
 r - a +1 robe of fire resistance
 B - +0 steam dragon scales (worn)
 F - a +0 cloak (worn)
Jewellery
 h - a ring of magical power
 i - an amulet of reflection (around neck)
 t - a +4 ring of evasion (right hand)
 x - a +6 ring of strength (left hand)
 z - a ring of poison resistance
Wands
 k - a wand of polymorph (3)
 v - a wand of iceblast (9)
 y - a wand of digging (6)
 D - a wand of paralysis (6)
Scrolls
 c - 2 scrolls of blinking
 p - 2 scrolls of teleportation
 u - 2 scrolls of fear
 w - a scroll of enchant weapon
 A - a scroll of amnesia
 C - a scroll of magic mapping
 G - a scroll of identify
Potions
 f - a potion of magic
 j - a potion of berserk rage
 l - a potion of flight
 m - 5 potions of heal wounds
 n - a potion of attraction
 o - 3 potions of lignification
 q - 3 potions of curing
 s - a potion of mutation
 E - a potion of brilliance


   Skills:
 + Level 4.9 Fighting
 - Level 12.0 Slings
 - Level 13.9 Dodging
 - Level 1.5 Stealth


You had 9 spell levels left.
You didn't know any spells.
Your spell library contained the following spells:

 Spells                   Type           Power      Damage    Failure   Level
 Corpse Rot               Necr/Air       0%         N/A       41%         2
 Gell's Gravitas          Tloc           0%         N/A       65%         3
 Ignite Poison            Fire/Tmut/Pois 0%         N/A       65%         3
 Lesser Beckoning         Tloc           0%         N/A       65%         3
 Mephitic Cloud           Conj/Pois/Air  0%         N/A       65%         3
 Teleport Other           Tloc           0%         N/A       65%         3
 Dispel Undead            Necr           0%         3d6       96%         4
 Freezing Cloud           Conj/Ice/Air   0%         6-21      100%        5
 Death Channel            Necr           Unusable   N/A       N/A         6

Dungeon Overview and Level Annotations

Branches:
Dungeon (9/15)             Temple (0/1) D:6
   Lair: D:8-11         Orc: D:9-12

Altars:
Dithmenos
Gozag
Hepliaklqana
Okawaru
Xom
The Shining One

Shops:
D:1 (   D:6 ?

Annotations:
D:4 exclusion: 2 downstairs


Innate Abilities, Weirdness & Mutations

You are very small and have problems with some larger weapons.
You are too small for most types of armour.
You have supernaturally acute eyesight. (SInv)
You cover ground extremely quickly. (Speed+++)


Message History

The sling bullet burns the two-headed ogre.
The two-headed ogre is moderately wounded.
You shoot a sling bullet.
The sling bullet hits the two-headed ogre.
The sling bullet burns the two-headed ogre.
The two-headed ogre is moderately wounded.
You shoot a sling bullet.
The sling bullet hits the two-headed ogre!
The sling bullet burns the two-headed ogre.
The two-headed ogre is heavily wounded.
You shoot a sling bullet.
The sling bullet hits the two-headed ogre!
The sling bullet burns the two-headed ogre.
The two-headed ogre is severely wounded.
You shoot a sling bullet.
The sling bullet hits the two-headed ogre.
The sling bullet burns the two-headed ogre.
The two-headed ogre is severely wounded.
The two-headed ogre completely misses you.
The two-headed ogre hits you with a +0 giant club!
You shoot a sling bullet.
The sling bullet hits the two-headed ogre.
The sling bullet burns the two-headed ogre.
The two-headed ogre is severely wounded.
You shoot a sling bullet.
The sling bullet hits the two-headed ogre.
The sling bullet burns the two-headed ogre.
The two-headed ogre is almost dead.
The two-headed ogre completely misses you. x2
You shoot a sling bullet.
The sling bullet barely misses the two-headed ogre.
You shoot a sling bullet.
The sling bullet hits the two-headed ogre.
The sling bullet burns the two-headed ogre.
The two-headed ogre is almost dead.
The two-headed ogre hits you with a +0 giant club!!
Ouch! That really hurt!
* * * LOW HITPOINT WARNING * * *
The two-headed ogre hits you with a +0 giant club!!
You die...

#.....#.#####
#.......#...##
#............##
###............##
####...............#
#####.##...............#
.#.##..................#
...................#####
.<.#...........#@.##
...#...........#O##
...#..##..#.##.#(.
......#......#.#(.#
..........#....#(..
.........##....#(.##
...<÷....##.##.....
..†#.#..#.......((.
..#####.#.....#...


You could see a two-headed ogre.

Vanquished Creatures
  A two-headed ogre (D:8)
  Maurice (D:9)
  A hornet (D:7)
  Prince Ribbit (D:9)
  Eustachio (D:5)
  2 wyverns
  2 steam dragons
  A water moccasin (D:5)
  2 orc warriors
  2 ice beasts
  A black bear (D:6)
  A necrophage (D:7)
  4 ogres
  5 centaurs
  2 bullfrogs (D:9)
  2 scorpions (D:5)
  A wyvern skeleton (D:7)
  3 killer bees (D:8)
  A howler monkey (D:4)
  An electric eel (D:7)
  4 centaur zombies
  A bullfrog zombie (D:4)
  2 jellies (D:5)
  2 orc priests
  4 hounds
  Ijyb (D:2)
  Jessica (D:3)
  5 bullfrog skeletons
  An iguana (D:5)
  Natasha (twice) (D:3)
  An orc wizard (D:5)
  A hound skeleton (D:4)
  A howler monkey zombie (D:9)
  4 gnolls (D:2)
  6 adders
  A white imp (D:8)
  An ufetubus (D:5)
  3 worms (D:3)
  The ghost of psuckher the Sneak, a weakling BaDe (D:4)
  11 dart slugs
  14 orcs
  3 ball pythons
  5 endoplasms
  2 giant cockroaches
  12 goblins
  9 hobgoblins
  2 kobolds
  6 quokkas
  5 bats
  2 frilled lizards
148 creatures vanquished.

Notes
Turn   | Place    | Note
-------+----------+-------------------------------------------
     0 | D:1      | bastard the Spriggan Hunter began the quest for the Orb.
     0 | D:1      | Reached XP level 1. HP: 10/10 MP: 2/2
    19 | D:1      | Reached skill level 5 in Slings
    93 | D:1      | Reached XP level 2. HP: 13/14 MP: 3/3
   152 | D:1      | Found a faded altar of an unknown god.
   481 | D:1      | Found Xementopp's Weapon Emporium.
  1061 | D:2      | Noticed an ogre
  1082 | D:2      | Killed an ogre
  1083 | D:2      | Reached XP level 3. HP: 18/18 MP: 4/4
  1083 | D:2      | Reached XP level 4. HP: 22/22 MP: 5/5
  1397 | D:2      | Reached XP level 5. HP: 25/25 MP: 6/6
  1533 | D:2      | Noticed Ijyb
  1576 | D:2      | Killed Ijyb
  2325 | D:3      | Noticed Natasha
  2333 | D:3      | Killed Natasha
  2789 | D:3      | Reached XP level 6. HP: 30/30 MP: 7/7
  2835 | D:3      | Noticed Jessica
  2847 | D:3      | Killed Jessica
  3251 | D:3      | Noticed Natasha
  3256 | D:3      | Killed Natasha
  3530 | D:1      | Bought a +2 hunting sling of flaming for 161 gold pieces
  3535 | D:1      | Identified a scroll of acquirement
  3535 | D:1      | Acquired 770 gold pieces
  3645 | D:4      | Found an opulent altar of Gozag.
  3824 | D:4      | Found a runed translucent gate.
  3824 | D:4      | Found a runed translucent gate.
  3826 | D:4      | Found a runed translucent gate.
  3843 | D:4      | Noticed psuckher's ghost (weakling BaDe)
  4058 | D:4      | Found a shimmering altar of Xom.
  4114 | D:4      | Reached skill level 10 in Slings
  4184 | D:4      | Reached XP level 7. HP: 33/33 MP: 8/8
  4206 | D:4      | Killed psuckher's ghost
  4275 | D:5      | Entered Level 5 of the Dungeon
  4829 | D:5      | Found an iron altar of Okawaru.
  4902 | D:5      | Reached skill level 3 in Dodging
  4902 | D:5      | Reached XP level 8. HP: 37/37 MP: 9/9
  5018 | D:5      | Became a worshipper of Warmaster Okawaru
  5039 | D:5      | Reached skill level 4 in Dodging
  5187 | D:5      | Noticed Eustachio
  5201 | D:5      | Killed Eustachio
  5202 | D:5      | Reached skill level 6 in Dodging
  5508 | D:6      | Reached * piety under Okawaru
  5509 | D:6      | Reached skill level 7 in Dodging
  5534 | D:6      | Found a staircase to the Ecumenical Temple.
  5943 | D:6      | Reached skill level 8 in Dodging
  6076 | D:6      | Found Foxeyma's Magic Scroll Shop.
  6265 | D:6      | Reached skill level 9 in Dodging
  6721 | D:7      | Reached XP level 9. HP: 41/41 MP: 10/10
  6763 | D:7      | Reached skill level 10 in Dodging
  7094 | D:7      | Reached skill level 11 in Dodging
  7254 | D:7      | Reached ** piety under Okawaru
  7362 | D:7      | Reached skill level 12 in Dodging
  7410 | D:7      | Found a glowing golden altar of the Shining One.
  7765 | D:8      | Noticed a two-headed ogre
  7961 | D:8      | Killed a two-headed ogre
  7962 | D:8      | Reached skill level 13 in Dodging
  8223 | D:8      | Found a hazy altar of Hepliaklqana.
  8227 | D:8      | Found a shadowy altar of Dithmenos.
  8456 | D:9      | Reached XP level 10. HP: 36/49 MP: 11/11
  8547 | D:9      | Noticed Prince Ribbit
  8552 | D:9      | Killed Prince Ribbit
  8552 | D:9      | Reached *** piety under Okawaru
  8615 | D:9      | Noticed Maurice
  8636 | D:9      | Killed Maurice
  8972 | D:9      | Noticed a two-headed ogre
  8986 | D:9      | HP: 2/51 [two-headed ogre (34)]
  8986 | D:9      | Demolished by a two-headed ogre

Illustrated notes

Levels and vault maps discovered:
D:1:      lightli_arrival_chessboard, layout_loops_ring, serial_shops,
          nicolae_shop_bloodbath_and_beyond, shapermc_ecumenical_altar_ellora
D:2:      kennysheep_the_goblin_king, layout_loops_ring,
          chequers_decorated_corner, item_on_display_a
D:3:      layout_loops_ring, dk_vineyard_3, minmay_misc_feat_rugged,
          feat_on_display, uniq_jessica, uniq_natasha
D:4:      layout_rooms, mainiacjoe_overflow_swirl, gammafunk_ghost_necromancy
D:5:      layout_cave_pools, okawaru_trees_1, uniq_eustachio
D:6:      layout_basic, minmay_temple_entry_mini_moons, nicolae_take_the_stairs
D:7:      kennysheep_slugbush, layout_loops_ring, overflow_temple_1_default,
          minmay_misc_feat_enclosed, lightli_minifort
D:8:      layout_basic, riverfiend_overflow_shadow_ancestor
D:9:      layout_cave_pools, kb_lookout_dungeons_type, minmay_misc_feat_five,
          uniq_maurice, uniq_prince_ribbit1

Skill      XL: |  1  2  3  4  5  6  7  8  9 10 |
---------------+-------------------------------+-----
Slings         | 5 7 8 10 12 | 12.0
Dodging        | 3 9 13 | 13.9
Fighting       | 3 4 |  4.9
Stealth        | |  1.5

Action                   |  1- 3 |  4- 6 |  7- 9 | 10-12 || total
-------------------------+-------+-------+-------+-------++-------
Melee: Unarmed           |       |    20 |       |       ||    20
       Rapier            |       |       |     3 |       ||     3
 Fire: Hunting sling     |    74 |   211 |   369 |   103 ||   757
Invok: Heroism           |       |       |       |     1 ||     1
  Use: Scroll            |     4 |     8 |     4 |     6 ||    22
Armor: Robe              |     3 |     2 |     2 |       ||     7
       Skin              |       |     4 |       |       ||     4
       Steam dragon scal |       |       |       |     1 ||     1
Dodge: Dodged            |    14 |    42 |    66 |    38 ||   160
Block: Other             |       |     6 |    21 |     8 ||    35
       Reflection        |       |       |     5 |       ||     5

Table legend: (Time is in decaauts)
 A = Elapsed time spent in this place.
 B = Non-inter-level travel time spent in this place.
 C = Inter-level travel time spent in this place.
 D = Time resting spent in this place.
 E = Time spent auto-exploring this place.
 F = Levels seen in this place.
 G = Mean time per level.
                   A        B        C        D        E       F      G
               +--------+--------+--------+--------+--------+-----+--------+
         Total |   6417 |   6097 |    320 |      0 |   5009 |   9 |  713.0 |
       Dungeon |   6417 |   6097 |    320 |      0 |   5009 |   9 |  713.0 |
               +--------+--------+--------+--------+--------+-----+--------+

Top non-repeatable levels by time:
     D:3: 1031 daAuts
     D:4: 952 daAuts
     D:2: 855 daAuts
     D:6: 728 daAuts
     D:7: 695 daAuts
     D:1: 682 daAuts
     D:5: 527 daAuts
     D:8: 506 daAuts
     D:9: 437 daAuts
